 Dungeon Crawl Stone Soup version 0.27.0-1-g7a089689b8 (webtiles) character file.

Game seed: 1222513524365681781

10119 bnorton916 the Frost Mage (level 11, -2/54 HPs)
             Began as a Deep Elf Conjurer on Aug 7, 2021.
             Was a Priest of Sif Muna.
             Engulfed by an ice statue's freezing vapour (10 damage)
             ... in an ice cave.
             The game lasted 00:26:13 (16959 turns).

bnorton916 the Frost Mage (Deep Elf Conjurer)      Turns: 16959, Time: 00:26:13

Health: -2/54      AC:  4    Str:  4    XL:     11   Next: 32%
Magic:  13/24      EV: 15    Int: 27    God:    Sif Muna [***...]
Gold:   730        SH:  5    Dex: 13    Spells: 3/25 levels left

rFire    . . .     SeeInvis +   n - staff of conjuration
rCold    + . .     Faith    .   (no shield)
rNeg     . . .     Spirit   .   c - +1 robe {Will+}
rPois    .         Reflect  +   (no helmet)
rElec    .         Harm     .   p - +0 cloak
rCorr    .         Rampage  .   (no gloves)
Will     ++...                  (no boots)
Stlth    ++........             j - amulet of reflection
HPRegen  0.18/turn              H - ring of see invisible
MPRegen  0.19/turn              B - ring of protection from cold

@: no status effects
A: no striking features
a: Renounce Religion, Channel Magic, Forget Spell


You were in an ice cave.
You worshipped Sif Muna.
Sif Muna was most pleased with you.
You visited 2 branches of the dungeon, and saw 10 of its levels.
You also visited: Ice Cave.

You collected 730 gold pieces.

Inventory:

Hand Weapons
 h - a +2 shortbow of flaming
 m - a +1 dagger of venom
Missiles
 b - 117 poisoned darts (quivered)
 e - 264 stones
 y - 2 throwing nets
Armour
 c - a +1 robe of willpower (worn)
 p - a +0 cloak (worn)
 K - the +2 robe of Old and Reckless {rPois Str-3 Dex+7}
   (You found it on level 9 of the Dungeon)

   Str:       It affects your strength (-3).
   Dex:       It affects your dexterity (+7).
   rPois:     It protects you from poison.
Magical Staves
 n - a staff of conjuration (weapon)
 v - a staff of death
Jewellery
 j - an amulet of reflection (around neck)
 l - a +4 ring of slaying
 u - a ring of ice
 B - a ring of protection from cold (right hand)
 C - a ring of positive energy
 H - a ring of see invisible (left hand)
Wands
 o - a wand of flame (23)
 z - a wand of iceblast (5)
 A - a wand of charming (3)
 D - a wand of paralysis (15)
 F - a wand of digging (6)
Scrolls
 d - 3 scrolls of fear
 f - 2 scrolls of identify
 r - a scroll of teleportation
 t - 2 scrolls of magic mapping
 w - 4 scrolls of amnesia
 E - 2 scrolls of blinking
 G - a scroll of enchant weapon
Potions
 g - 2 potions of haste
 k - 3 potions of flight
 q - 3 potions of might
 s - 3 potions of curing
Miscellaneous
 x - a lightning rod (4/4)
 J - a lightning rod (4/4)


   Skills:
 - Level 7.7 Dodging
 - Level 2.4 Stealth
 - Level 7.6 Spellcasting
 - Level 7.3 Conjurations
 - Level 9.2 Hexes
 - Level 1.0 Necromancy
 - Level 7.6 Translocations
 + Level 1.4 Fire Magic
 - Level 10.1 Ice Magic
 - Level 6.5 Invocations


You had 3 spell levels left.
You knew the following spells:

 Your Spells              Type           Power      Damage    Failure   Level
a - Magic Dart            Conj           100%       1d8       1%          1
b - Searing Ray           Conj           100%       3d7       1%          2
c - Fulminant Prism       Conj/Hex       35%        3d18      1%          4
d - Iskenderun's Mystic   Conj/Tloc      66%        2d14      2%          4
e - Frozen Ramparts       Ice            100%       1d12      1%          3
f - Hailstorm             Conj/Ice       72%        3d15      1%          4
g - Sticky Flame          Conj/Fire      50%        2d7       9%          4

Your spell library contained the following spells:

 Spells                   Type           Power      Damage    Failure   Level
 Freeze                   Ice            100%       1d11      1%          1
 Static Discharge         Conj/Air       45%        N/A       1%          2
 Dazzling Flash           Conj/Hex       100%       N/A       1%          3
 Beastly Appendage        Tmut           20%        N/A       5%          1
 Wereblood                Tmut           10%        N/A       9%          2
 Spider Form              Tmut/Pois      5%         N/A       17%         3
 Silence                  Hex/Air        17%        N/A       22%         5
 Dispel Undead            Necr           15%        3d10      36%         4
 Agony                    Necr           15%        N/A       71%         5


Dungeon Overview and Level Annotations

Branches:
Dungeon (9/15)             Temple (0/1) D:6            Lair (1/6) D:8
    Orc (0/2) D:9           IceCv (1/1)

Altars:
Cheibriados
Elyvilon
Fedhas
Makhleb
Nemelex Xobeh
Okawaru
Ru
Sif Muna
Uskayaw
Yredelemnul
The Shining One

Annotations:
D:7 Harold IceCv exclusion: ice statue


Message History

The searing ray hits the ice statue but does no damage. (Press . to maintain the ray.)
Your fulminant prism crackles loudly.
The searing ray hits the ice statue but does no damage.
Your fulminant prism explodes!
The blast of energy engulfs the ice statue!
The ice statue is moderately damaged.
Unknown command.
The searing ray hits the ice statue!
The ice statue is moderately damaged.
The searing ray hits the ice statue.
The ice statue is moderately damaged.
You finish channeling your searing ray.
The ice statue gestures at you. The freezing blast engulfs you! You resist.
Casting: Searing Ray (safe; 1% risk of failure)
Confirm with . or Enter, or press ? or * to list all spells.
Aiming: Searing Ray (safe; 1% risk of failure)
Press: ? - help, Shift-Dir - straight line, f/p - ice statue
Aim: an ice statue (moderately damaged, 100% to hit)
You feel a surge of power!
The searing ray hits the ice statue but does no damage.
The ice statue is moderately damaged. (Press . to maintain the ray.)
You are engulfed in freezing vapours.
You resist.
The searing ray hits the ice statue!
The ice statue is heavily damaged.
You are engulfed in freezing vapours.
You resist.
The searing ray hits the ice statue!
The ice statue is heavily damaged.
You are engulfed in freezing vapours.
You resist. The ice statue gestures at you. The freezing blast engulfs you.
You resist.
* * * LOW HITPOINT WARNING * * *
Unknown command.
The ice statue gestures at you.
You are engulfed in freezing vapours.
You resist.
* * * LOW HITPOINT WARNING * * *
You are engulfed in freezing vapours.
You resist.
You die...

#####
##...##
##☼.☼..#
#☼§°..○##
#☼§○.°..#
##@§#.○..#
##...##°°.#
#...## #..#
##..## .8#
#..## .#
#..# .#
##.## #..#
### #..#


There were no monsters in sight!

Vanquished Creatures
  A quicksilver ooze (IceCv)
  Erolcha (D:9)
  A centaur warrior (D:8)
  A cyclops (D:8)
  A cane toad (Lair:1)
  A komodo dragon (Lair:1)
  An efreet (D:8)
  2 ice devils (Lair:1)
  A hornet (D:9)
  Grinder (D:3)
  A shadow (D:6)
  3 yaks (D:9)
  Eustachio (D:4)
  A steam dragon (D:5)
  A demonic crawler simulacrum (IceCv)
  An acid dragon (D:7)
  2 water moccasins
  5 sky beasts
  2 black bears
  A necrophage (D:5)
  2 ogres (D:5)
  3 orc warriors
  An ugly thing simulacrum (IceCv)
  4 centaurs
  2 phantoms (D:6)
  5 kobold brigands
  8 bullfrogs
  A water moccasin zombie (D:5)
  A glowing shapeshifter simulacrum (IceCv)
  2 scorpions (D:6)
  A killer bee (D:7)
  4 howler monkeys
  5 wights (D:8)
  An electric eel (D:7)
  2 bullfrog zombies
  4 centaur zombies
  2 jellies (D:7)
  4 orc priests
  A bullfrog skeleton (D:4)
  A gnoll shaman (D:5)
  Crazy Yiuf (D:3)
  4 hounds
  A centaur skeleton (D:7)
  4 iguanas
  6 orc wizards
  2 killer bee zombies
  A hound skeleton (D:4)
  3 howler monkey zombies
  3 gnolls (D:5)
  2 howler monkey skeletons
  5 adders
  A shadow imp (D:7)
  4 white imps
  2 worms
  4 dart slugs
  The ghost of nxtlvl the Ducker, a weakling DEMo (D:3)
  32 orcs
  8 endoplasms
  A giant cockroach (D:2)
  5 goblins
  7 hobgoblins
  10 jackals
  4 quokkas
  8 ball pythons
  9 bats
  5 frilled lizards
  17 kobolds
  5 rats
238 creatures vanquished.

Vanquished Creatures (others)
  A kobold brigand (D:7)
  18 fulminant prisms
  5 fungi
  5 plants (D:8)
29 creatures vanquished.

Grand Total: 267 creatures vanquished

Notes
Turn   | Place    | Note
-------+----------+-------------------------------------------
     0 | D:1      | bnorton916 the Deep Elf Conjurer began the quest for the
                  | Orb.
     0 | D:1      | Reached XP level 1. HP: 10/10 MP: 6/6
   207 | D:1      | Found a faded altar of an unknown god.
   279 | D:1      | Reached XP level 2. HP: 15/15 MP: 2/8
  1073 | D:2      | Learned a level 2 spell: Searing Ray
  1248 | D:2      | Reached skill level 5 in Conjurations
  1248 | D:2      | Reached XP level 3. HP: 19/19 MP: 8/10
  2113 | D:3      | Noticed a centaur
  2122 | D:3      | Killed a centaur
  2123 | D:3      | Reached skill level 5 in Spellcasting
  2123 | D:3      | Reached XP level 4. HP: 4/24 MP: 5/13
  2376 | D:3      | Found a runed translucent door.
  2382 | D:3      | Noticed nxtlvl's ghost (weakling DEMo)
  2455 | D:3      | Reached XP level 5. HP: 28/28 MP: 9/14
  2987 | D:3      | Reached XP level 6. HP: 9/32 MP: 7/17
  3307 | D:3      | Found a runed translucent door.
  3308 | D:3      | Noticed Crazy Yiuf
  3314 | D:3      | Killed Crazy Yiuf
  3438 | D:3      | Noticed Grinder
  3466 | D:3      | Killed Grinder
  3885 | D:3      | Reached XP level 7. HP: 36/36 MP: 16/19
  3886 | D:3      | Killed nxtlvl's ghost
  4005 | D:4      | Learned a level 4 spell: Fulminant Prism
  4010 | D:4      | Learned a level 4 spell: Iskenderun's Mystic Blast
  4014 | D:4      | Learned a level 3 spell: Frozen Ramparts
  4038 | D:4      | Identified the -3 pair of gloves of Petro {-Tele rN+ Dex+4}
  4190 | D:4      | Noticed Eustachio
  4201 | D:4      | Killed Eustachio
  4202 | D:4      | Reached skill level 1 in Translocations
  4202 | D:4      | Reached skill level 1 in Ice Magic
  4285 | D:4      | Found a glowing golden altar of the Shining One.
  4355 | D:4      | Reached skill level 2 in Ice Magic
  4607 | D:4      | You fall into a shaft and drop 1 floor!
  4607 | D:5      | Entered Level 5 of the Dungeon
  5033 | D:5      | Reached skill level 3 in Ice Magic
  5033 | D:5      | Reached XP level 8. HP: 35/41 MP: 13/21
  5307 | D:5      | Found a white marble altar of Elyvilon.
  5541 | D:5      | Reached skill level 5 in Hexes
  5541 | D:5      | Reached skill level 4 in Ice Magic
  5664 | D:5      | Found a hide-covered altar of Uskayaw.
  6214 | D:5      | Found an iron altar of Okawaru.
  6486 | D:5      | Reached skill level 5 in Ice Magic
  6543 | D:5      | Reached skill level 5 in Translocations
  6831 | D:5      | Reached XP level 9. HP: 45/45 MP: 16/22
  6923 | D:5      | Found a shimmering blue altar of Sif Muna.
  7177 | D:5      | Became a worshipper of Sif Muna the Loreminder
  7408 | D:6      | Reached skill level 6 in Ice Magic
  7834 | D:6      | Found a staircase to the Ecumenical Temple.
  8414 | D:7      | Reached skill level 1 in Necromancy
  9316 | D:7      | Reached * piety under Sif Muna
  9523 | D:7      | Found a sacrificial altar of Ru.
  9526 | D:7      | Found a sparkling altar of Nemelex Xobeh.
  9529 | D:7      | Found a blossoming altar of Fedhas.
  9532 | D:7      | Found a snail-covered altar of Cheibriados.
  9620 | D:7      | Reached skill level 7 in Ice Magic
 10200 | D:7      | Reached XP level 10. HP: 50/50 MP: 17/23
 10601 | D:7      | Noticed Harold
 10852 | D:7      | Identified a scroll of acquirement
 10852 | D:7      | Acquired a staff of conjuration
 10861 | D:7      | Learned a level 4 spell: Hailstorm
 10978 | D:7      | Noticed a boulder beetle
 10997 | D:7      | Noticed a boulder beetle
 10998 | D:7      | Reached skill level 1 in Invocations
 11648 | D:8      | Noticed a cyclops
 11649 | D:8      | Killed a cyclops
 11650 | D:8      | Reached skill level 8 in Ice Magic
 11949 | D:8      | Found a staircase to the Lair.
 12067 | D:8      | Reached ** piety under Sif Muna
 12184 | D:8      | Noticed a centaur warrior
 12190 | D:8      | Killed a centaur warrior
 12191 | D:8      | Reached skill level 5 in Dodging
 12465 | D:8      | Found a burning altar of Makhleb.
 13242 | D:8      | Found a basalt altar of Yredelemnul.
 13605 | D:9      | Noticed Erolcha
 13616 | D:9      | Reached skill level 9 in Ice Magic
 13621 | D:9      | Killed Erolcha
 13622 | D:9      | Reached skill level 5 in Invocations
 14271 | D:9      | Found a staircase to the Orcish Mines.
 14280 | D:9      | HP: 2/50 [orc warrior/boomerang (18)]
 14608 | D:9      | Reached XP level 11. HP: 54/54 MP: 12/24
 14835 | D:9      | Identified the +2 robe of Old and Reckless {rPois Str-3
                  | Dex+7}
 15196 | Lair:1   | Entered Level 1 of the Lair of Beasts
 15359 | Lair:1   | Found a frozen archway.
 15557 | IceCv    | Entered an ice cave
 15572 | IceCv    | Noticed a quicksilver ooze
 15577 | IceCv    | Killed a quicksilver ooze
 15577 | IceCv    | Reached *** piety under Sif Muna
 15578 | IceCv    | Reached skill level 10 in Ice Magic
 16160 | IceCv    | Learned a level 4 spell: Sticky Flame
 16167 | IceCv    | Reached skill level 1 in Fire Magic
 16959 | IceCv    | Engulfed by an ice statue's freezing vapour

Illustrated notes

Levels and vault maps discovered:
D:1:      zaba_arrival_water, layout_loops_ring,
          hellmonk_ecumenical_altar_heavens_door, feat_on_display
D:2:      layout_loops_ring
D:3:      layout_loops_corners, ebering_ghost_sewer_d, uniq_grinder,
          uniq_crazy_yiuf_cottage
D:4:      layout_basic, nicolae_tso_carved_into_rock, uniq_eustachio
D:5:      layout_loops_ring, nicolae_uskayaw_suspiria, lemuel_blue_sif_altar,
          okawaru_gym_becter, nicolae_overflow_crystal_walls
D:6:      layout_loops_ring, minmay_temple_entry_junction
D:7:      nzn_winding_woodlands_stair_cross [nzn_winding_woodlands_5x15_crooked,
          nzn_winding_woodlands_center_diamonds,
          nzn_winding_woodlands_5x15_pool,
          nzn_winding_woodlands_5x5_closed_star,
          nzn_winding_woodlands_5x5_cross, nzn_winding_woodlands_5x15_twine,
          nzn_winding_woodlands_center_pierced_h,
          nzn_winding_woodlands_5x15_river_crossing], layout_cave_pods,
          grunt_temple_overflow_cloverleaf, gammafunk_ghost_grave, uniq_harold
D:8:      layout_cave_pods, lightli_temple_of_fire,
          lemuel_zombie_altar_yredelemnul, dpeg_oklobed_lair,
          minmay_shattered_shrine
D:9:      layout_rooms, david_orc_2, uniq_erolcha
Lair:1:   layout_long_grid, portal_ice_cave_demonic_guard
IceCv:    ice_cave_hellmonk_azure_passage

Skill      XL: |  1  2  3  4  5  6  7  8  9 10 11 |
---------------+----------------------------------+-----
Spellcasting   | 4 5 6 7 |  7.6
Conjurations   | 5 6 7 |  7.3
Hexes          | 3 6 9 |  9.2
Translocations | 2 5 7 |  7.6
Ice Magic      | 3 5 7 9 10 | 10.1
Necromancy     | 1 |  1.0
Invocations    | 5 6 |  6.5
Dodging        | 6 7 |  7.7
Fire Magic     | 1 |  1.4
Stealth        | |  2.4

Action                   |  1- 3 |  4- 6 |  7- 9 | 10-12 || total
-------------------------+-------+-------+-------+-------++-------
Throw: Dart              |     3 |       |       |       ||     3
 Cast: Magic Dart        |    78 |    45 |   139 |    88 ||   350
       Searing Ray       |     1 |     8 |    49 |    44 ||   102
       Frozen Ramparts   |       |       |    10 |     4 ||    14
       Fulminant Prism   |       |       |     4 |    14 ||    18
       Iskenderun's Myst |       |       |       |     7 ||     7
       Hailstorm         |       |       |       |     1 ||     1
Evoke: Wand              |       |       |     1 |     1 ||     2
  Use: Scroll            |       |       |     1 |    16 ||    17
Armor: Robe              |     1 |       |    12 |    13 ||    26
Dodge: Dodged            |     6 |     6 |    33 |    37 ||    82
Block: Other             |       |       |    17 |    18 ||    35
       Reflection        |       |       |     7 |     2 ||     9
